 Dungeon Crawl Stone Soup version 0.29.1-12-g30fa7ad0bf (webtiles) character file.

Game seed: 13922170592637046690

665 sillycutie the Cleaver (level 7, 0/57 HPs)
             Began as a Minotaur Berserker on Jan 14, 2023.
             Was a Believer of Trog.
             Slain by a centaur (3 damage)
             ... on level 5 of the Dungeon.
             The game lasted 00:24:26 (4020 turns).

sillycutie the Cleaver (Minotaur Berserker)         Turns: 4020, Time: 00:24:27

Health: 0/57       AC: 10    Str: 24    XL:     7   Next: 31%
Magic:  6/6        EV:  8    Int:  4    God:    Trog [**....]
Gold:   213        SH:  0    Dex:  9    Spells: 6/6 levels left

rFire   . . .      SeeInvis .   a - +0 hand axe
rCold   . . .      Faith    .   (no shield)
rNeg    . . .      Spirit   .   k - +0 chain mail
rPois   +          Reflect  .   d - +0 hat
rElec   .          Harm     .   f - +1 cloak
rCorr   .          Rampage  .   (no gloves)
Will    +++..                   (no boots)
Stlth   ..........              (no amulet)
HPRegen 1.19/turn               p - ring of willpower
MPRegen 0.10/turn               r - ring of poison resistance

@: strong-willed, on berserk cooldown, regenerating, slowed, very slow
A: horns 2, retaliatory headbutt
a: Renounce Religion, Berserk, Trog's Hand


You were on level 5 of the Dungeon.
You worshipped Trog.
Trog was pleased with you.
You visited 1 branch of the dungeon, and saw 5 of its levels.

You collected 213 gold pieces.

Inventory:

Hand Weapons
 a - a +0 hand axe (weapon)
 w - a +0 hand axe of flaming
Missiles
 j - 34 stones
 q - a poisoned dart (quivered)
Armour
 d - a +0 hat (worn)
 f - a +1 cloak (worn)
 k - a +0 chain mail (worn)
 s - a +0 scale mail
 x - a +0 ring mail
Jewellery
 p - a ring of willpower (left hand)
 r - a ring of poison resistance (right hand)
Wands
 y - a wand of quicksilver (4)
Scrolls
 b - a scroll of silence
 c - 2 scrolls of immolation
 g - a scroll of teleportation
 i - a scroll of poison
 l - a scroll of magic mapping {unknown}
 m - a scroll of butterflies {unknown}
 n - a scroll of vulnerability {unknown}
 o - a scroll of noise
Potions
 e - 2 potions of curing
 h - 3 potions of degeneration
 t - 2 potions of berserk rage
 u - a potion of brilliance {unknown}
 z - a potion of resistance
 A - a potion of attraction


   Skills:
 - Level 3.6 Fighting
 + Level 10.3 Axes
 - Level 2.4 Armour
 - Level 2.1 Dodging


You had 6 spell levels left.
You didn't know any spells.
Your spell library was empty.

Dungeon Overview and Level Annotations

Branches:
Dungeon (5/15)             Temple (0/1) D:4

Altars:
Okawaru
The Shining One

Portals:
Sewer: D:5


Innate Abilities, Weirdness & Mutations

You have a pair of horns on your head.
You reflexively headbutt those who attack you in melee.


Message History

Moving in this stuff is going to be slow.
A centaur comes into view.
Found a scroll of identify.
The centaur shouts!
The centaur wields a +0 shortbow.
The centaur shoots an arrow.
The arrow hits you!
The centaur shoots an arrow.
The arrow barely misses you.
The centaur shoots an arrow.
The arrow completely misses you.
The centaur shoots an arrow.
The arrow hits you but does no damage.
The centaur shoots an arrow.
The arrow hits you.
The centaur shoots an arrow.
The arrow hits you.
The centaur shoots an arrow.
The arrow hits you!
You are too injured to fight recklessly!
You are too injured to fight recklessly!
You are too injured to fight recklessly!
Your skin crawls.
You feel strong-willed.
The centaur shoots an arrow.
The arrow hits you!
A red film seems to cover your vision as you go berserk!
You feel yourself moving faster!
You feel mighty!
The centaur shoots an arrow.
The arrow hits you!
* * * LOW HITPOINT WARNING * * *
You feel a strong urge to attack something.
The centaur shoots an arrow.
The arrow hits you!
* * * LOW HITPOINT WARNING * * *
An orc comes into view. It is wielding a +0 dagger.
The orc shouts!
The centaur shoots an arrow.
The arrow barely misses you.
You feel your anger nearly subside.
You are no longer berserk.
You are exhausted.
You feel yourself slow down.
The centaur shoots an arrow.
The arrow hits you.
* * * LOW HITPOINT WARNING * * *
The centaur shoots an arrow.
The arrow closely misses you.
The centaur shoots an arrow.
The arrow hits you!
* * * LOW HITPOINT WARNING * * *
Found a potion of curing.
The centaur unwields a +0 shortbow.
The centaur hits you.
* * * LOW HITPOINT WARNING * * *
The centaur kicks you but does no damage.
The centaur hits you.
You die...

.. #.. #.## ... ...
..##..###.. ....
.#...#...# #
...##........#.#
#..#...#.......... ..#
.......#...# ≈~~~~ #.#
#...#...##≈~~≈~##.#
#c@.....~~.....~≈..
..##>......≈~.....≈~~.
#..............∩..~≈..
............~~.....~~~.
!............~≈.....~≈~.
.....#.......##≈~~~~##..
.#...#.##....##≈≈~~~##..
...........~...........
....##..#####......†#


You could see a centaur.

Vanquished Creatures
  2 phantoms
  3 scorpions (D:4)
  A jelly (D:4)
  2 orc priests
  2 iguanas (D:4)
  Robin (D:2)
  2 gnolls (D:1)
  3 adders
  2 ufetubi (D:4)
  3 worms
  A dart slug (D:3)
  5 orcs
  7 ball pythons
  9 endoplasms
  5 giant cockroaches
  18 goblins
  11 hobgoblins
  3 quokkas
  3 bats
  2 frilled lizards (D:2)
  10 kobolds
  11 rats
106 creatures vanquished.

Notes
Turn   | Place    | Note
-------+----------+-------------------------------------------
     0 | D:1      | sillycutie the Minotaur Berserker began the quest for the
                  | Orb.
     0 | D:1      | Reached XP level 1. HP: 19/19 MP: 0/0
   162 | D:1      | Reached skill level 4 in Axes
   358 | D:1      | Reached XP level 2. HP: 21/26 MP: 1/1
   917 | D:1      | Reached skill level 5 in Axes
  1061 | D:1      | Reached XP level 3. HP: 31/31 MP: 2/2
  1291 | D:1      | Found a faded altar of an unknown god.
  1485 | D:2      | Reached ** piety under Trog
  1630 | D:2      | Noticed Robin
  1644 | D:2      | Reached skill level 6 in Axes
  1644 | D:2      | Reached XP level 4. HP: 39/39 MP: 3/3
  1645 | D:2      | Killed Robin
  1730 | D:2      | Found an iron altar of Okawaru.
  1908 | D:2      | Reached XP level 5. HP: 45/45 MP: 4/4
  2011 | D:2      | Reached skill level 7 in Axes
  2365 | D:3      | Found a glowing golden altar of the Shining One.
  2390 | D:3      | Noticed a phantom
  2396 | D:3      | Killed a phantom
  2933 | D:4      | Reached skill level 8 in Axes
  2933 | D:4      | Reached XP level 6. HP: 32/51 MP: 5/5
  3141 | D:4      | Found the +4 robe of Augmentation {Str+4 Int+4 Dex+4}
  3146 | D:4      | Found a staircase to the Ecumenical Temple.
  3230 | D:4      | Reached skill level 9 in Axes
  3409 | D:4      | Reached XP level 7. HP: 57/57 MP: 6/6
  3605 | D:4      | Reached skill level 10 in Axes
  3958 | D:5      | Entered Level 5 of the Dungeon
  3973 | D:5      | Found a glowing drain.
  4019 | D:5      | HP: 2/57 [centaur/arrow (10)]
  4020 | D:5      | Slain by a centaur

Illustrated notes

Levels and vault maps discovered:
D:1:      dpeg_arrival_pits, layout_loops_corners,
          hellmonk_ecumenical_altar_leap_of_faith
D:2:      layout_rooms, basic_altar, uniq_robin
D:3:      layout_basic, mainiacjoe_overflow_boulevard
D:4:      layout_rooms, minmay_temple_entry_drinking_statues,
          kennysheep_cluttered_room
D:5:      layout_cave_pools, mainiacjoe_overflow_alcove_4,
          cheibrodos_sewer_entry_sluice, serial_shops,
          nicolae_shop_temple_entry_statues_fountains, minmay_crossroads,
          uniq_eustachio

Skill      XL: |  1  2  3  4  5  6  7 |
---------------+----------------------+-----
Axes           | 4 5 6 8 9 10 | 10.3
Fighting       | |  3.6
Armour         | |  2.4
Dodging        | |  2.1

Action                   |  1- 3 |  4- 6 |  7- 9 || total
-------------------------+-------+-------+-------++-------
Melee: Hand axe          |    67 |   130 |    38 ||   235
       Punch             |     1 |     2 |     1 ||     4
       Headbutt          |     8 |    24 |     7 ||    39
Throw: Stone             |       |     4 |     8 ||    12
       Dart              |       |     3 |     2 ||     5
Invok: Berserk           |     1 |     5 |     1 ||     7
       Trog's Hand       |     1 |     5 |     1 ||     7
  Use: Scroll            |     2 |     4 |     3 ||     9
Armor: Animal skin       |     7 |       |       ||     7
       Chain mail        |    11 |    66 |    15 ||    92
Dodge: Dodged            |    43 |    52 |    15 ||   110
